 Dungeon Crawl Stone Soup version 0.26.1-13-g052cdd8df3 (webtiles) character file.

Game seed: 3745556236749315154

80 unlimited1921 the Vexing (level 4, 0/34 HPs)
             Began as a Gnoll Arcane Marksman on Jan 5, 2022.
             Slain by an adder (5 damage)
             ... on level 2 of the Dungeon.
             The game lasted 00:10:08 (2491 turns).

unlimited1921 the Vexing (Gnoll Arcane Marksman)    Turns: 2491, Time: 00:10:10

Health: 0/34       AC:  3    Str: 14    XL:     4   Next: 39%
Magic:  8/8        EV: 14    Int: 15    God:
Gold:   99         SH:  0    Dex: 15    Spells: 8/9 levels left

rFire    . . .     SeeInvis .   j - +0 short sword
rCold    . . .     Faith    .   (no shield)
rNeg     + . .     Spirit   .   h - +0 leather armour
rPois    .         Reflect  .   (no helmet)
rElec    .         Harm     .   (no cloak)
rCorr    .         Rampage  .   (no gloves)
Will     +....                  (no boots)
Stlth    ++........             (no amulet)
HPRegen  0.11/turn              f - ring of positive energy
MPRegen  0.11/turn              v - ring of willpower (curse)

@: brilliant, hasted, very quick
A: distributed training, fangs 1, strong nose
a: no special abilities


You were on level 2 of the Dungeon.
You visited 1 branch of the dungeon, and saw 3 of its levels.

You collected 99 gold pieces.

Inventory:

Hand Weapons
 a - a +0 hand crossbow
 j - a +0 short sword (weapon)
 p - a +0 spear
Missiles
 d - 10 bolts
 g - 30 sling bullets
 m - 43 arrows
 t - 4 boomerangs (quivered)
 x - 4 javelins
Armour
 e - a +0 robe
 h - a +0 leather armour (worn)
 i - a +0 ring mail
 u - a +0 chain mail
Jewellery
 f - a ring of positive energy (left hand)
 l - an uncursed ring of see invisible
 v - a cursed ring of willpower (right hand)
Wands
 w - a wand of acid (8)
Scrolls
 b - a scroll of noise
 s - a scroll of identify
Potions
 c - a potion of haste
 k - 2 potions of brilliance
 n - 2 potions of curing
 o - a potion of attraction {unknown}
 q - 2 potions of lignification {unknown}
 r - a potion of degeneration {unknown}
 z - a potion of mutation {unknown}


   Skills:
 + Level 2.7 Fighting
 + Level 1.1 Short Blades
 + Level 1.1 Long Blades
 + Level 1.1 Axes
 + Level 1.1 Maces & Flails
 + Level 1.1 Polearms
 + Level 1.1 Staves
 + Level 1.1 Slings
 + Level 1.1 Bows
 + Level 4.6 Crossbows
 + Level 1.1 Throwing
 + Level 1.1 Armour
 + Level 4.6 Dodging
 + Level 1.1 Stealth
 + Level 1.1 Shields
 + Level 1.1 Unarmed Combat
 + Level 3.0 Spellcasting
 + Level 0.9 Conjurations
 + Level 5.4 Hexes
 + Level 0.9 Summonings
 + Level 0.9 Necromancy
 + Level 0.9 Translocations
 + Level 0.9 Transmutations
 + Level 0.9 Fire Magic
 + Level 0.9 Ice Magic
 + Level 0.9 Air Magic
 + Level 0.9 Earth Magic
 + Level 0.9 Poison Magic
 + Level 1.2 Invocations
 + Level 1.1 Evocations


You had 8 spell levels left.
You knew the following spells:

 Your Spells              Type           Power        Failure   Level
a - Corona                Hex            31%          2%          1

Your spell library contained the following spells:

 Spells                   Type           Power        Failure   Level
 Slow                     Hex            28%          4%          2
 Inner Flame              Hex/Fire       17%          21%         3
 Portal Projectile        Hex/Tloc       34%          21%         3
 Cause Fear               Hex            14%          26%         4
 Leda's Liquefaction      Hex/Erth       8%           54%         4


Dungeon Overview and Level Annotations

Branches:
Dungeon (3/15)

Altars:


Innate Abilities, Weirdness & Mutations

Your experience applies equally to all skills.
You have very sharp teeth.
Your uncanny sense of smell can sniff out nearby items.


Message History

You feel clever all of a sudden.
It was a potion of curing.
You feel better. The adder bites you.
* * * LOW HITPOINT WARNING * * *
You are too injured to fight recklessly!
There is a stone staircase leading up here.
You can't go down here!
The adder barely misses you.
You climb upwards.
There is a stone staircase leading down here.
Throw: 5 boomerangs
Press: ? - help, Q - select action, (/) - cycle Shift-Dir - straight line, f - adder
Aim: an adder (almost dead, 40% to hit)
You throw a boomerang. The boomerang closely misses the adder.
The adder barely misses you.
Throw: 5 boomerangs
Press: ? - help, Q - select action, (/) - cycle Shift-Dir - straight line, f/p - adder
Aim: an adder (almost dead, 40% to hit)
You throw a boomerang. The boomerang closely misses the adder.
The adder bites you.
You die...

##.# #.......##.................#
...# #.......##.#######..######.#
.#########'####......##..# #.#
...........######..#.##..# #.#
########.................# #.#
#..................#.....# #.#
#.######..#######.#############.#
#†#.........####..............#.#
..†............S@.#.##.######.#.#
#.#.####.....###.##....# #.#.#
..........[......####..## #.#.#
#.#.#######......# #...# #.#..
#.#.....# #.###..# ##..# #.###
#.#####.# #.# #..# #..# #..<<
#.#####.###.####.#####..#######..
#............# #.................
#####.#......###..####..#########


You could see an adder.

Vanquished Creatures
  3 adders
  3 oozes
  A dart slug (D:1)
  A leopard gecko (D:1)
  6 bats (D:1)
  2 giant cockroaches (D:2)
  3 goblins
  5 hobgoblins
  2 jackals (D:2)
  3 frilled lizards
  A giant cockroach zombie (D:2)
  2 kobolds (D:1)
  4 rats
36 creatures vanquished.

Vanquished Creatures (others)
  A plant (D:3)
1 creature vanquished.

Grand Total: 37 creatures vanquished

Notes
Turn   | Place    | Note
-------+----------+-------------------------------------------
     0 | D:1      | unlimited1921 the Gnoll Arcane Marksman began the quest for
                  | the Orb.
     0 | D:1      | Reached XP level 1. HP: 17/17 MP: 4/4
   179 | D:1      | Reached XP level 2. HP: 23/23 MP: 5/5
   753 | D:1      | Reached XP level 3. HP: 27/28 MP: 7/7
  1258 | D:2      | Found a faded altar of an unknown god.
  1302 | D:2      | Reached skill level 1 in Invocations
  1741 | D:2      | Reached skill level 1 in Short Blades
  1741 | D:2      | Reached skill level 1 in Long Blades
  1741 | D:2      | Reached skill level 1 in Axes
  1741 | D:2      | Reached skill level 1 in Maces & Flails
  1741 | D:2      | Reached skill level 1 in Polearms
  1741 | D:2      | Reached skill level 1 in Staves
  1741 | D:2      | Reached skill level 1 in Slings
  1741 | D:2      | Reached skill level 1 in Bows
  1741 | D:2      | Reached skill level 1 in Throwing
  1741 | D:2      | Reached skill level 1 in Armour
  1741 | D:2      | Reached skill level 1 in Stealth
  1741 | D:2      | Reached skill level 1 in Shields
  1741 | D:2      | Reached skill level 1 in Unarmed Combat
  1741 | D:2      | Reached skill level 1 in Evocations
  1802 | D:2      | Reached XP level 4. HP: 34/34 MP: 8/8
  2484 | D:3      | HP: 1/34 [poisoned by an adder]
  2491 | D:2      | Slain by an adder

Illustrated notes

Levels and vault maps discovered:
D:1:      co_arrival_square_in_a_square_in_a_square, layout_basic
D:2:      layout_basic, chequers_ecumenical_altar_simple_redux,
          chequers_serial_rivers_marsh
D:3:      layout_basic, bloody_makhleb, fedhas_ov_isle_minmay,
          grunt_temple_overflow_open, minmay_lizard_king

Skill      XL: |  1  2  3  4 |
---------------+-------------+-----
Invocations    | 1 |  1.2
Short Blades   | 1 |  1.1
Long Blades    | 1 |  1.1
Axes           | 1 |  1.1
Maces & Flails | 1 |  1.1
Polearms       | 1 |  1.1
Staves         | 1 |  1.1
Slings         | 1 |  1.1
Bows           | 1 |  1.1
Throwing       | 1 |  1.1
Armour         | 1 |  1.1
Stealth        | 1 |  1.1
Shields        | 1 |  1.1
Unarmed Combat | 1 |  1.1
Evocations     | 1 |  1.1
Spellcasting   | 3 |  3.0
Fighting       | |  2.7
Crossbows      | |  4.6
Dodging        | |  4.6
Conjurations   | |  0.9
Hexes          | |  5.4
Summonings     | |  0.9
Necromancy     | |  0.9
Translocations | |  0.9
Transmutations | |  0.9
Fire Magic     | |  0.9
Ice Magic      | |  0.9
Air Magic      | |  0.9
Earth Magic    | |  0.9
Poison Magic   | |  0.9

Action                   |  1- 3 |  4- 6 || total
-------------------------+-------+-------++-------
Melee: Spear             |    49 |       ||    49
       Club              |     5 |       ||     5
       Short sword       |    27 |    10 ||    37
       Bite              |     2 |     2 ||     4
 Fire: Hand crossbow     |    32 |    18 ||    50
Throw: Boomerang         |       |     7 ||     7
  Use: Scroll            |     2 |       ||     2
       Potion            |       |     3 ||     3
 Stab: Sleeping          |     2 |       ||     2
Armor: Robe              |     1 |       ||     1
       Leather armour    |    17 |     3 ||    20
Dodge: Dodged            |    74 |    17 ||    91
